[Event "Titled Tuesday Blitz February 21 Early 2023"]
[White "Manukyan, Sargis A."]
[Black "Zaichenko, Daria"]
[WhiteFideId "13303970"]
[BlackFideId "4197453"]
[WhiteElo "2158"]
[BlackElo "2104"]
[Result "1-0"]
[Round "06"]
[TimeControl "180+2"]
[Date "2023.02.21"]
[WhiteClock "0:00:23"]
[BlackClock "0:00:09"]

1. d4 d5 2. c4 e6 3. Nc3 Be7 4. Nf3 Nf6 5. Bg5 O-O 6. e3 Nbd7 7. cxd5 Nxd5 8. Bxe7 Qxe7 9. Nxd5 exd5 10. Bd3 c5 11. dxc5 Nxc5 12. Be2 Be6 13. O-O Rac8 14. Rc1 Ne4 15. Qd4 b6 16. h3 Rc5 17. Nd2 Nxd2 18. Qxd2 Rfc8 19. Rfd1 Qg5 20. Kh1 h6 21. b4 Rxc1 22. Rxc1 Rxc1+ 23. Qxc1 d4 24. a3 dxe3 25. Qxe3 Qxe3 26. fxe3 Kf8 27. Kg1 Ke7 28. Kf2 Kd6 29. Bf3 a5 30. Ke2 Bc4+ 31. Kd2 axb4 32. axb4 Ke5 33. Kc3 b5 34. Bc6 f5 35. g3 g5 36. Kd2 f4 37. exf4+ gxf4 38. g4 Kd4 39. h4 Bd3 40. g5 hxg5 41. hxg5 Bc4 42. g6 Ke5 43. g7 Bg8 44. Bxb5 Kd4 45. Be2 Ke4 46. b5 f3 47. b6 fxe2 48. b7 Kf3 49. b8=Q Bc4 50. g8=Q Kf2 51. Qh2+ 1-0


[Site "https://www.chess.com"]

[Event "Titled Tuesday Blitz February 21 Early 2023"]
[White "Delorme, Alban"]
[Black "Migot, Tangi"]
[WhiteFideId "623636"]
[BlackFideId "662445"]
[WhiteElo "2298"]
[BlackElo "2373"]
[Result "1/2-1/2"]
[Round "06"]
[TimeControl "180+2"]
[Date "2023.02.21"]
[WhiteClock "0:00:06"]
[BlackClock "0:00:15"]

1. e4 c5 2. Nf3 b6 3. d4 cxd4 4. c3 Bb7 5. Bd3 Nf6 6. e5 Nd5 7. cxd4 e6 8. Nc3 Nxc3 9. bxc3 Qc7 10. O-O d6 11. Bf4 Nd7 12. Re1 dxe5 13. Nxe5 Nxe5 14. Bxe5 Bd6 15. Qh5 Bxe5 16. Rxe5 g6 17. Bb5+ Bc6 18. Qf3 Rc8 19. d5 Bxb5 20. dxe6 O-O 21. Rxb5 Qxc3 22. exf7+ Rxf7 23. Qxc3 Rxc3 24. a4 Rc2 25. f3 Rfc7 26. a5 Rc1+ 27. Rxc1 Rxc1+ 28. Kf2 Rc6 29. axb6 axb6 30. Ke3 Kf7 31. Kd4 Ke6 32. h4 Rd6+ 33. Ke4 Kd7 34. Ke5 Rc6 35. Kd5 Kc7 36. Rb1 Rd6+ 37. Ke5 Rd2 38. g4 Rc2 39. f4 Rc6 40. f5 gxf5 41. gxf5 Kd7 42. f6 Rc5+ 43. Kf4 b5 44. Re1 Kd6 45. Re7 h6 46. Rh7 Ke6 47. Rxh6 Kf7 48. h5 b4 49. Rh7+ Kxf6 50. Rb7 Rc4+ 51. Ke3 Kg5 52. Rb5+ Kh6 53. Kd3 Rh4 54. Kc2 Rg4 55. Kb3 Rh4 56. Rb6+ Kxh5 57. Rb5+ Kg6 58. Rxb4 Rxb4+ 59. Kxb4 1/2-1/2


[Site "https://www.chess.com"]

[Event "Titled Tuesday Blitz February 21 Early 2023"]
[White "Howell, David W L"]
[Black "Mendez Machado, Andre"]
[WhiteFideId "410608"]
[BlackFideId "6603793"]
[WhiteElo "2677"]
[BlackElo "1974"]
[Result "1-0"]
[Round "06"]
[TimeControl "180+2"]
[Date "2023.02.21"]
[WhiteClock "0:00:10"]
[BlackClock "0:00:05"]

1. e4 e5 2. Nc3 Nc6 3. Bc4 Nf6 4. d3 Bc5 5. a3 d6 6. Be3 Bxe3 7. fxe3 Ng4 8. Qf3 Qh4+ 9. g3 Qh6 10. Nd5 Kd8 11. h3 Nf6 12. Nxf6 gxf6 13. Bxf7 Rf8 14. Bd5 f5 15. Bxc6 fxe4 16. Qxe4 bxc6 17. Nf3 Rb8 18. b3 Qg7 19. Qh4+ Ke8 20. O-O Rg8 21. Kh2 Be6 22. Rf2 Kd7 23. Raf1 Rbf8 24. Nd2 Rxf2+ 25. Rxf2 h6 26. Ne4 Rf8 27. Rxf8 Qxf8 28. Qf6 Qxf6 29. Nxf6+ Ke7 30. Ne4 Bf5 31. Nf2 Bh7 32. g4 d5 33. Kg3 Kd6 34. h4 c5 35. h5 c4 36. bxc4 dxc4 37. Ne4+ Kc6 38. g5 hxg5 39. Nxg5 Bxd3 40. c3 Kd5 41. e4+ Bxe4 42. Nxe4 Kxe4 43. h6 Kd3 44. h7 e4 45. h8=Q e3 46. Qd4+ Ke2 47. Kf4 1-0


[Site "https://www.chess.com"]

[Event "Titled Tuesday Blitz February 21 Early 2023"]
[White "Valle Maytin, Luis Enrique"]
[Black "Pakleza, Zbigniew"]
[WhiteFideId "3503666"]
[BlackFideId "1119290"]
[WhiteElo "2241"]
[BlackElo "2494"]
[Result "0-1"]
[Round "06"]
[TimeControl "180+2"]
[Date "2023.02.21"]
[WhiteClock "0:00:01"]
[BlackClock "0:00:24"]

1. e4 d6 2. d4 Nf6 3. Nc3 c6 4. Nf3 Bg4 5. h3 Bh5 6. Bd3 e6 7. g4 Bg6 8. g5 Nfd7 9. Nd2 Qxg5 10. Nf3 Qd8 11. Bg5 Be7 12. Qd2 Bh5 13. Bxe7 Qxe7 14. Nh2 d5 15. e5 a6 16. Rg1 Bg6 17. O-O-O c5 18. Be2 cxd4 19. Qxd4 Nc6 20. Qd2 Ndxe5 21. f4 Nd7 22. Bg4 O-O 23. f5 exf5 24. Nxd5 Qc5 25. Bf3 Nde5 26. Bh1 Nc4 27. Qf4 Nb4 28. b3 Nxd5 29. Bxd5 Qa3+ 0-1


[Site "https://www.chess.com"]

[Event "Titled Tuesday Blitz February 21 Early 2023"]
[White "Weetik, Vjacheslav"]
[Black "Devaev, Alexander"]
[WhiteFideId "4153472"]
[BlackFideId "4169395"]
[WhiteElo "2423"]
[BlackElo "2325"]
[Result "0-1"]
[Round "06"]
[TimeControl "180+2"]
[Date "2023.02.21"]
[WhiteClock "0:00:01"]
[BlackClock "0:00:02"]

1. d4 Nf6 2. c4 e6 3. Nc3 Bb4 4. e3 c5 5. Ne2 cxd4 6. exd4 d5 7. c5 Ne4 8. a3 Bxc3+ 9. bxc3 O-O 10. f3 Nf6 11. Bg5 b6 12. Ng3 h6 13. Bxf6 Qxf6 14. cxb6 axb6 15. Bd3 Ba6 16. O-O Rc8 17. Nh5 Qh4 18. Bxa6 Rxa6 19. f4 Rxc3 20. f5 Nd7 21. fxe6 fxe6 22. Qe2 b5 23. Qxb5 Rac6 24. Nf4 Qf6 25. Kh1 Qxd4 26. Nxe6 Qe5 27. Rae1 Qd6 28. Nd8 Rc8 29. Nf7 Qc6 30. Qe2 Nf6 31. Qf2 Rc2 32. Nxh6+ Kh7 33. Qf5+ Kxh6 34. Re3 g6 35. Qe5 Re8 0-1


[Site "https://www.chess.com"]

[Event "Titled Tuesday Blitz February 21 Early 2023"]
[White "Cuenca Jimenez, Jose Fernando"]
[Black "Sreyas Payyappat"]
[WhiteFideId "2255570"]
[BlackFideId "46674969"]
[WhiteElo "2535"]
[BlackElo "2076"]
[Result "1-0"]
[Round "06"]
[TimeControl "180+2"]
[Date "2023.02.21"]
[WhiteClock "0:00:20"]
[BlackClock "0:00:07"]

1. c4 c5 2. Nf3 Nc6 3. d4 cxd4 4. Nxd4 Nf6 5. Nc3 e6 6. a3 Qb6 7. Nc2 Ne5 8. e3 a6 9. Be2 Qc7 10. Qd4 Bc5 11. Qf4 Bd6 12. Qd4 b6 13. f4 Nc6 14. Qd3 Bb7 15. b4 a5 16. Nb5 Bxb4+ 17. axb4 Qb8 18. bxa5 O-O 19. axb6 Nb4 20. Nxb4 Rxa1 21. O-O Be4 22. Qc3 Ra4 23. c5 Rc8 24. Nc7 d6 25. Bb2 dxc5 26. Qxc5 Bg6 27. Nc6 Qb7 28. Ne7+ Kf8 29. Nxc8+ 1-0


[Site "https://www.chess.com"]

[Event "Titled Tuesday Blitz February 21 Early 2023"]
[White "Fernandez Garcia, Gumersindo"]
[Black "Aydincelebi, Kagan"]
[WhiteFideId "24516740"]
[BlackFideId "6361102"]
[WhiteElo "2160"]
[BlackElo "2280"]
[Result "0-1"]
[Round "06"]
[TimeControl "180+2"]
[Date "2023.02.21"]
[WhiteClock "0:00:10"]
[BlackClock "0:00:14"]

1. e4 c5 2. Nf3 Nc6 3. c3 d5 4. exd5 Qxd5 5. d4 Bf5 6. Be3 cxd4 7. cxd4 Bxb1 8. Rxb1 Nf6 9. a3 e6 10. Qa4 Bd6 11. Bc4 Qh5 12. O-O O-O 13. h3 a6 14. Be2 b5 15. Qc2 Rac8 16. Qd2 Ne4 17. Qd3 Qd5 18. Rbc1 Na5 19. Nd2 Nxd2 20. Bxd2 Nb3 21. Rxc8 Rxc8 22. Bc3 Bb8 23. Bf3 Qd6 24. g3 Ba7 25. Rd1 Qc7 26. Kg2 Rd8 27. d5 exd5 28. Bxd5 Nd4 29. Be4 Ne6 30. Qe2 Bd4 31. Bb4 Qe5 32. Bf3 Qxe2 33. Bxe2 Bxb2 34. Rb1 Bf6 35. Bf3 Rd7 36. Bc6 Rc7 37. Bf3 g6 38. Rd1 Kg7 39. h4 Rc2 40. Be4 Ra2 41. Bd5 Re2 42. Bf3 Rb2 43. Rd2 Rxd2 44. Bxd2 Be7 45. Bc1 Nd4 46. Bb7 a5 47. Ba6 b4 48. axb4 axb4 49. Bb2 Bf6 50. Bc4 Nc6 51. Bxf6+ Kxf6 52. Kf3 Na5 53. Bd3 Ke5 54. Ke3 f6 55. Bb1 Nc4+ 56. Kd3 Nd6 57. f4+ Kd5 58. Kd2 Kd4 59. g4 b3 60. h5 gxh5 61. gxh5 h6 62. Bg6 Nc4+ 63. Kc1 Kc3 64. Be4 b2+ 65. Kd1 Na3 66. Ke2 Kd4 67. Bg6 b1=Q 68. Bxb1 Nxb1 69. Kf3 Nc3 70. Kg4 Ke4 71. f5 Ke5 72. Kg3 Kxf5 0-1


[Site "https://www.chess.com"]

[Event "Titled Tuesday Blitz February 21 Early 2023"]
[White "Kielinkei"]
[Black "Volkov, Maksim"]
[BlackFideId "54123070"]
[WhiteElo "2378"]
[BlackElo "2258"]
[Result "0-1"]
[Round "06"]
[TimeControl "180+2"]
[Date "2023.02.21"]
[WhiteClock "0:01:51"]
[BlackClock "0:02:13"]

1. d4 d5 2. c4 e6 3. Nc3 c6 4. e4 dxe4 5. Nxe4 Bb4+ 6. Bd2 Qxd4 7. Bxb4 Qxe4+ 8. Be2 Na6 9. Ba5 b6 10. Qd6 bxa5 11. O-O-O f6 12. Bf3 Qxc4+ 13. Kb1 Nb4 0-1


[Site "https://www.chess.com"]

[Event "Titled Tuesday Blitz February 21 Early 2023"]
[White "Florescu, Codrut-Constantin"]
[Black "Miszler, Levente"]
[WhiteFideId "1202200"]
[BlackFideId "763276"]
[WhiteElo "2259"]
[BlackElo "2271"]
[Result "0-1"]
[Round "06"]
[TimeControl "180+2"]
[Date "2023.02.21"]
[WhiteClock "0:00:11"]
[BlackClock "0:00:35"]

1. e4 e6 2. Nf3 d5 3. e5 f6 4. d4 fxe5 5. Nxe5 Nf6 6. Bd3 Bd6 7. O-O O-O 8. Bg5 c5 9. c3 Nc6 10. Nxc6 bxc6 11. Qe2 cxd4 12. cxd4 Qc7 13. f4 c5 14. Nc3 cxd4 15. Nb5 Qb6 16. Nxd6 Qxd6 17. Rae1 Bd7 18. Qf2 Qb4 19. Re2 h6 20. Bh4 Rae8 21. Qg3 Bb5 22. Bxf6 Rxf6 23. Rfe1 Bxd3 24. Qxd3 Rxf4 25. g3 Rf6 26. Kg2 Qc4 27. Rd1 Qxd3 28. Rxd3 e5 29. Rxd4 Rd6 30. Ra4 Re7 31. Kf3 Kf7 32. Rb4 Ke6 33. Ke3 Rc6 34. Rg4 Rf7 35. Rg6+ Rf6 36. Rxg7 Ra6 37. b3 Rc6 38. Rxa7 e4 39. Kd2 Rf3 40. Ra8 Ke5 41. Ra4 Rcc3 42. Rb4 Rfd3+ 43. Ke1 Rc1+ 44. Kf2 Rf3+ 45. Kg2 Rc5 46. a4 d4 47. Rb5 Rxb5 48. axb5 d3 49. Rd2 Kd4 50. b6 Rf6 51. g4 Rxb6 52. Kg3 e3 53. Rd1 e2 0-1


[Site "https://www.chess.com"]

[Event "Titled Tuesday Blitz February 21 Early 2023"]
[White "Tologon tegin, Semetei"]
[Black "Iljin, Timofey"]
[WhiteFideId "13800574"]
[BlackFideId "14110180"]
[WhiteElo "2372"]
[BlackElo "2329"]
[Result "1-0"]
[Round "06"]
[TimeControl "180+2"]
[Date "2023.02.21"]
[WhiteClock "0:01:55"]
[BlackClock "0:02:22"]

1. Nf3 d5 2. g3 Nf6 3. Bg2 Bg4 4. c4 Bxf3 5. Bxf3 e6 6. Qb3 Nc6 7. cxd5 exd5 8. Qxb7 Nd4 9. O-O Nc2 10. Qc6+ Qd7 11. Qxc2 Bd6 12. Nc3 Qd8 13. Nxd5 O-O 14. Nxf6+ Qxf6 15. Bxa8 Rxa8 16. d3 Qf5 17. e4 Qh5 18. Be3 Re8 19. Rac1 Re6 20. f4 Rh6 21. e5 Bb4 22. f5 Bc5 23. Bxc5 Rc6 24. d4 1-0


[Site "https://www.chess.com"]

[Event "Titled Tuesday Blitz February 21 Early 2023"]
[White "Maksimenko, Viktor"]
[Black "Carrasco Miranda, Andres"]
[WhiteFideId "13710478"]
[BlackFideId "3405990"]
[WhiteElo "2196"]
[BlackElo "2240"]
[Result "1-0"]
[Round "06"]
[TimeControl "180+2"]
[Date "2023.02.21"]
[WhiteClock "0:02:32"]
[BlackClock "0:02:03"]

1. d4 Nf6 2. c4 g6 3. Nc3 d5 4. cxd5 Nxd5 5. e4 Nxc3 6. bxc3 Bg7 7. Nf3 c5 8. Bb5+ Nc6 9. O-O O-O 10. Bxc6 bxc6 11. Qc2 Bg4 12. Ne5 Bxe5 13. dxe5 c4 14. Ba3 Qd3 15. Qxd3 cxd3 16. f3 Be6 17. Bxe7 Rfb8 18. Rfd1 Bc4 19. Rd2 Rb5 20. Bd6 a5 21. Kf2 a4 22. a3 Rb3 23. Ke3 Rxc3 24. Kd4 1-0


[Site "https://www.chess.com"]

[Event "Titled Tuesday Blitz February 21 Early 2023"]
[White "Kaganskiy, Gleb"]
[Black "Yurovskykh, Oleksandr"]
[WhiteFideId "4132025"]
[BlackFideId "14134020"]
[WhiteElo "2205"]
[BlackElo "2328"]
[Result "1-0"]
[Round "06"]
[TimeControl "180+2"]
[Date "2023.02.21"]
[WhiteClock "0:00:13"]
[BlackClock "0:00:04"]

1. e4 d5 2. exd5 Qxd5 3. Nc3 Qd8 4. g3 Nf6 5. Bg2 c6 6. Nge2 Bf5 7. O-O e6 8. d3 Nbd7 9. Nf4 Be7 10. Qe2 O-O 11. h3 h6 12. Ne4 Qc7 13. Bd2 Nxe4 14. dxe4 Bh7 15. Bc3 Bf6 16. Bxf6 Nxf6 17. Rad1 Rad8 18. Nh5 Qe5 19. Nxf6+ Qxf6 20. c3 Rxd1 21. Rxd1 Rd8 22. e5 Qe7 23. Rd2 Kf8 24. Qd1 Rxd2 25. Qxd2 Ke8 26. b4 Qd8 27. Qxd8+ Kxd8 28. c4 Kc7 29. c5 Bb1 30. a3 Ba2 31. f4 Bd5 32. Bf1 b6 33. Kf2 a5 34. Ke3 axb4 35. axb4 bxc5 36. bxc5 Kb7 37. Kd4 Ka7 38. Bd3 Kb7 39. Bh7 Kc7 40. Bg8 f6 41. Bh7 Kd7 42. exf6 gxf6 43. g4 Ke7 44. h4 Kf7 45. Bc2 Ke7 46. g5 fxg5 47. fxg5 hxg5 48. hxg5 Kf7 49. Ke5 Kg7 50. Kd6 Kf7 51. Bd3 Kg7 52. Bb1 Kf7 53. Bc2 Kg7 54. Ke7 e5 55. Kd6 e4 56. Ke5 e3 57. Bd3 Kf7 58. Kf4 Ke6 59. Kxe3 Ke5 60. g6 Kf6 61. Kf4 Bg2 62. Be4 Bf1 63. Ke3 1-0


[Site "https://www.chess.com"]

[Event "Titled Tuesday Blitz February 21 Early 2023"]
[White "Hirneise, Jens"]
[Black "Pourkashiyan, Atousa"]
[WhiteFideId "24614734"]
[BlackFideId "12502014"]
[WhiteElo "2277"]
[BlackElo "2282"]
[Result "0-1"]
[Round "06"]
[TimeControl "180+2"]
[Date "2023.02.21"]
[WhiteClock "0:00:25"]
[BlackClock "0:00:19"]

1. d4 Nf6 2. c4 e6 3. Nc3 Bb4 4. e3 O-O 5. Bd2 c5 6. a3 cxd4 7. axb4 dxc3 8. bxc3 b6 9. Bd3 Bb7 10. Nf3 d5 11. O-O Nbd7 12. cxd5 exd5 13. Nd4 Ne5 14. Be2 a5 15. Qb3 Qe7 16. bxa5 bxa5 17. Nf5 Qd7 18. Nd4 Ne4 19. Be1 Rfb8 20. Qa4 Qxa4 21. Rxa4 Nc5 22. Ra3 a4 23. f3 Ba6 24. Bxa6 Rxa6 25. Bg3 Re8 26. Nb5 Nc4 27. Ra2 Ne6 28. e4 dxe4 29. fxe4 f6 30. Rd1 Re7 31. Na3 Nxa3 32. Rxa3 Nc5 33. Rd8+ Kf7 34. Bd6 Rd7 35. Rxd7+ Nxd7 36. Kf2 Nb6 37. Bb4 Nc4 38. Ra2 Ke6 39. Ke2 Ne5 40. Ke3 Nc4+ 41. Kd4 Ne5 42. Kc5 Ra8 43. Kb5 Nd3 44. Rxa4 Rb8+ 45. Kc6 Nb2 46. Ra6 Kf7 47. Kc7 Re8 48. Ra7 Nd3 49. Kd6+ Kg6 50. Kd5 Re5+ 51. Kd4 Nb2 52. Ra5 Nd1 53. Rxe5 fxe5+ 54. Kxe5 Ne3 55. Kf4 Nxg2+ 56. Kf3 Ne1+ 57. Ke2 Nc2 58. c4 Nxb4 59. c5 Nc6 60. Kd3 Kf6 61. Kc4 Ke6 62. Kb5 Kd7 63. Kb6 Ne5 64. h3 g5 65. Kb5 h5 66. Kb4 Kc6 67. Kc3 Kxc5 68. Kd2 Kd4 69. Ke2 Kxe4 70. Kf2 Kf4 71. Kg2 g4 72. h4 g3 73. Kh3 Ng6 74. Kg2 Nxh4+ 75. Kh3 Ng6 76. Kg2 h4 77. Kh3 Kg5 78. Kg2 Kg4 79. Kh1 h3 80. Kg1 Ne5 81. Kh1 g2+ 82. Kg1 Nf3+ 0-1


[Site "https://www.chess.com"]

[Event "Titled Tuesday Blitz February 21 Early 2023"]
[White "gshwbedhkhd"]
[Black "Szyszylo, Rafal"]
[BlackFideId "1109626"]
[WhiteElo "2556"]
[BlackElo "2091"]
[Result "1-0"]
[Round "06"]
[TimeControl "180+2"]
[Date "2023.02.21"]
[WhiteClock "0:00:57"]
[BlackClock "0:00:53"]

1. e4 g6 2. d4 d6 3. Nc3 Nf6 4. f4 Bg7 5. Nf3 O-O 6. a3 Na6 7. e5 dxe5 8. fxe5 Nd5 9. Ne4 c5 10. Bxa6 bxa6 11. Nxc5 Rb8 12. O-O a5 13. c4 Nb6 14. Qe2 Bg4 15. Be3 f6 16. e6 Rc8 17. Rad1 f5 18. a4 f4 19. Bf2 Qd6 20. b3 Rc6 21. Rfe1 Rf6 22. Ne4 Qxe6 23. d5 Qf5 24. dxc6 Rxc6 25. Rd8+ Kf7 26. Neg5+ Kf6 27. Qxe7# 1-0


[Site "https://www.chess.com"]

[Event "Titled Tuesday Blitz February 21 Early 2023"]
[White "Fiorito, Francisco"]
[Black "Avazkhonov, Alikhon"]
[WhiteFideId "180165"]
[BlackFideId "14208504"]
[WhiteElo "2305"]
[BlackElo "1538"]
[Result "1-0"]
[Round "06"]
[TimeControl "180+2"]
[Date "2023.02.21"]
[WhiteClock "0:01:54"]
[BlackClock "0:00:08"]

1. d4 Nf6 2. Nc3 d5 3. Bf4 a6 4. e3 Bf5 5. f3 e6 6. g4 Bg6 7. h4 h5 8. g5 Nfd7 9. Nh3 c5 10. Bd3 Bxd3 11. Qxd3 Nc6 12. g6 f6 13. O-O-O Nb6 14. Bg3 Bd6 15. Bxd6 Qxd6 16. Nf4 O-O-O 17. dxc5 Qxc5 18. Nxe6 Qe7 19. Nxd8 Rxd8 20. Rhe1 Qc5 21. Kb1 Kb8 22. e4 d4 23. Nd5 Nxd5 24. exd5 Rxd5 25. Re4 Ne5 26. Qb3 Ka7 27. a3 Rd6 28. f4 Nc4 29. Qb4 Qf5 30. Rexd4 Rxd4 31. Rxd4 Ne3 32. Qc3 Ng4 33. Rb4 a5 34. Qd4+ Ka6 35. Qb6# 1-0


[Site "https://www.chess.com"]

[Event "Titled Tuesday Blitz February 21 Early 2023"]
[White "Fisher_TheGalactic"]
[Black "Mogirzan, Matei-Valeriu"]
[BlackFideId "1257455"]
[WhiteElo "2535"]
[BlackElo "1813"]
[Result "1-0"]
[Round "06"]
[TimeControl "180+2"]
[Date "2023.02.21"]
[WhiteClock "0:00:55"]
[BlackClock "0:00:06"]

1. e4 f6 2. d4 Kf7 3. f4 e6 4. Nf3 d5 5. e5 Ne7 6. Bd3 f5 7. O-O h6 8. Nh4 g6 9. g4 c5 10. c3 Nbc6 11. gxf5 Nxf5 12. Nxf5 exf5 13. Be3 cxd4 14. Bxd4 Be6 15. Nd2 Nxd4 16. cxd4 Qb6 17. Nf3 Be7 18. Kh1 Rac8 19. Rg1 Rhg8 20. Qe2 Rg7 21. Rg2 Rcg8 22. Rag1 g5 23. fxg5 hxg5 24. Nxg5+ Bxg5 25. Qh5+ Kf8 26. Rxg5 Rxg5 27. Rxg5 Rxg5 28. Qxg5 Qxd4 29. Qf6+ Bf7 30. Qd8+ Kg7 31. Qg5+ Bg6 32. Qf6+ Kh6 33. Qh8+ Kg5 34. Qf6+ Kh6 35. Bxf5 Qd1+ 36. Kg2 Qe2+ 37. Kg3 Qe3+ 38. Kg4 Qg1+ 39. Kh4 Qxh2+ 40. Bh3 Qxb2 41. Qh8+ Bh7 42. Qf8+ Kg6 43. Qf6# 1-0


[Site "https://www.chess.com"]

[Event "Titled Tuesday Blitz February 21 Early 2023"]
[White "Melian, Juan Sebastian"]
[Black "Jimenez, Joaquin"]
[WhiteFideId "3706575"]
[BlackFideId "109860"]
[WhiteElo "2293"]
[BlackElo "2195"]
[Result "0-1"]
[Round "06"]
[TimeControl "180+2"]
[Date "2023.02.21"]
[WhiteClock "0:00:06"]
[BlackClock "0:01:06"]

1. d4 Nf6 2. c4 g6 3. Nc3 Bg7 4. e4 d6 5. f3 O-O 6. Be3 Nc6 7. Nge2 a6 8. Nc1 Rb8 9. Nb3 e5 10. Be2 Bd7 11. O-O Ra8 12. Rc1 a5 13. d5 Nb4 14. c5 a4 15. Nd2 Nh5 16. a3 Na6 17. cxd6 cxd6 18. Nxa4 Nf4 19. Nb6 Nc5 20. Nbc4 Qg5 21. Bxf4 exf4 22. Nxd6 Bh3 23. Rf2 Bd4 24. Bf1 Nd3 0-1


[Site "https://www.chess.com"]

[Event "Titled Tuesday Blitz February 21 Early 2023"]
[White "Torres Boch, Jose Francisco"]
[Black "Novikov, Evgenij"]
[WhiteFideId "2278383"]
[BlackFideId "4125380"]
[WhiteElo "2180"]
[BlackElo "2276"]
[Result "0-1"]
[Round "06"]
[TimeControl "180+2"]
[Date "2023.02.21"]
[WhiteClock "0:00:07"]
[BlackClock "0:00:03"]

1. e4 c5 2. Nf3 d6 3. d4 cxd4 4. Nxd4 Nf6 5. Nc3 g6 6. Be3 a6 7. Be2 Nbd7 8. O-O b5 9. a3 Bb7 10. f3 Bg7 11. Kh1 O-O 12. Qd2 Rc8 13. Bh6 Ne5 14. Bxg7 Kxg7 15. f4 Nc4 16. Bxc4 Rxc4 17. b3 Rc7 18. e5 Ne4 19. Nxe4 Bxe4 20. Rae1 Qa8 21. exd6 exd6 22. f5 Qd5 23. Rf4 Bxc2 24. f6+ Kh8 25. Rh4 g5 26. Rh5 Rg8 27. h4 Be4 28. hxg5 Rc2 29. Qe3 Bg6 30. Rh2 Rcc8 31. Nf3 Qf5 32. Nh4 Qc2 33. Nxg6+ Qxg6 34. Qh3 Rce8 35. Qc3 Re5 36. Rxe5 dxe5 37. Rh3 Qxg5 38. Qf3 Qc1+ 39. Kh2 Qg5 40. Rh5 Qf4+ 41. Qxf4 exf4 42. Rf5 h6 43. Rxf4 Kh7 44. g4 Rc8 45. Kh3 Kg6 46. Kh4 Rc3 47. a4 Rxb3 48. axb5 axb5 49. Rf5 Rb1 50. Rc5 Kxf6 51. Rc6+ Kg7 52. Kh5 Rh1# 0-1


[Site "https://www.chess.com"]

[Event "Titled Tuesday Blitz February 21 Early 2023"]
[White "Shubin, Daniel"]
[Black "Santos Flores, Alberto"]
[WhiteFideId "30936470"]
[BlackFideId "3601234"]
[WhiteElo "2231"]
[BlackElo "2164"]
[Result "0-1"]
[Round "06"]
[TimeControl "180+2"]
[Date "2023.02.21"]
[WhiteClock "0:00:11"]
[BlackClock "0:00:55"]

1. e4 c5 2. Nf3 Nc6 3. d4 cxd4 4. Nxd4 g6 5. Nc3 Bg7 6. Be3 Nf6 7. Bc4 O-O 8. Bb3 d6 9. h3 Bd7 10. O-O Nxd4 11. Bxd4 a5 12. a4 Bc6 13. Qd3 Nd7 14. Bxg7 Kxg7 15. Qd4+ Kg8 16. Bd5 Qb6 17. Qxb6 Nxb6 18. Rad1 Nxa4 19. Nxa4 Bxa4 20. Ra1 Bc6 21. Bxc6 bxc6 22. Ra4 Rfb8 23. b3 Rb4 24. Rfa1 Rxa4 25. Rxa4 c5 26. c3 Rb8 27. Ra3 c4 28. bxc4 Rc8 29. Ra4 Rc5 30. Kf1 Kf8 31. Ke2 Ke8 32. Kd3 Kd7 33. Ra1 Kc7 34. Rb1 f5 35. f3 fxe4+ 36. fxe4 Rg5 37. g4 h5 38. Rb5 Rxb5 39. cxb5 Kb6 40. c4 Kc5 41. Kc3 e6 42. gxh5 gxh5 43. h4 d5 44. cxd5 exd5 45. e5 Kxb5 46. Kd4 Kc6 47. e6 a4 48. Ke5 a3 49. Kf6 a2 50. e7 a1=Q+ 51. Kf7 Qh8 52. e8=Q+ Qxe8+ 53. Kxe8 d4 0-1


[Site "https://www.chess.com"]

[Event "Titled Tuesday Blitz February 21 Early 2023"]
[White "Yurasova, Daria"]
[Black "Kalajzic, Ivan"]
[WhiteFideId "34146919"]
[BlackFideId "14506378"]
[WhiteElo "2095"]
[BlackElo "2062"]
[Result "0-1"]
[Round "06"]
[TimeControl "180+2"]
[Date "2023.02.21"]
[WhiteClock "0:00:08"]
[BlackClock "0:00:09"]

1. d4 d5 2. Bg5 Nc6 3. Nf3 f6 4. Bh4 Bg4 5. e3 e6 6. Be2 Nge7 7. Nbd2 Nf5 8. Bg3 Bd6 9. c4 Nxg3 10. hxg3 dxc4 11. O-O b5 12. a4 a6 13. axb5 axb5 14. b3 c3 15. Bxb5 Rxa1 16. Bxc6+ Kf7 17. Qxa1 cxd2 18. Nxd2 h5 19. Bf3 f5 20. Qd1 Qg5 21. e4 h4 22. exf5 hxg3 23. Bxg4 gxf2+ 24. Rxf2 Bh2+ 25. Kf1 Bg3 26. fxe6+ Kg8 27. Ne4 Rh1+ 28. Ke2 Qxg4+ 29. Ke3 Rxd1 30. Rf3 Re1+ 0-1


[Site "https://www.chess.com"]

[Event "Titled Tuesday Blitz February 21 Early 2023"]
[White "I_KID_you_not"]
[Black "Petrovic, Aleksa"]
[BlackFideId "967629"]
[WhiteElo "2364"]
[BlackElo "2332"]
[Result "1/2-1/2"]
[Round "06"]
[TimeControl "180+2"]
[Date "2023.02.21"]
[WhiteClock "0:00:01"]
[BlackClock "0:00:04"]

1. e4 c6 2. d4 d5 3. exd5 cxd5 4. Bd3 Nc6 5. c3 e5 6. dxe5 Nxe5 7. Bb5+ Nc6 8. Nf3 Nf6 9. O-O Bc5 10. Re1+ Be6 11. Be3 Bxe3 12. Rxe3 Ng4 13. Re2 O-O 14. h3 Nf6 15. Nbd2 Qb6 16. Qb3 Rae8 17. Rae1 Re7 18. Bd3 Qc7 19. Qc2 h6 20. Nb3 Nh5 21. Nbd4 Nf4 22. Re3 Rfe8 23. Ne2 Nh5 24. Ned4 Nf4 25. Ne2 Rc8 26. Nxf4 Qxf4 27. Qe2 Rce8 28. Qd1 Kf8 29. Ne5 Nxe5 30. Rxe5 Bd7 31. Rxe7 Rxe7 32. Rxe7 Kxe7 33. Qe1+ Kd6 34. Qe3 Qxe3 35. fxe3 h5 36. h4 Be8 37. Kf2 Ke5 38. b4 f6 39. g3 g5 40. a3 b6 41. Bc2 Bf7 42. Bd3 Kd6 43. Bf5 Ke5 44. Bd3 Kd6 45. Bc2 Ke7 46. Bf5 Kf8 47. Ke2 Kg7 48. Kd3 Bg6 49. e4 dxe4+ 50. Kxe4 Bf7 51. Kd4 Kf8 52. c4 Ke7 53. c5 bxc5+ 54. Kxc5 Kd8 55. Kd6 Ke8 56. Bd3 Kf8 57. a4 Kg7 58. a5 gxh4 59. gxh4 f5 60. Bxf5 Kf6 61. Bd3 Bb3 62. b5 Bd1 63. b6 axb6 64. axb6 Bf3 65. Bc4 Bb7 66. Bd5 Ba6 67. Bf3 Kf5 68. Bxh5 Kf4 1/2-1/2


[Site "https://www.chess.com"]

[Event "Titled Tuesday Blitz February 21 Early 2023"]
[White "Deng, Henry"]
[Black "Martin Barcelo, Carles"]
[WhiteFideId "30965454"]
[BlackFideId "24561444"]
[WhiteElo "2168"]
[BlackElo "2221"]
[Result "1-0"]
[Round "06"]
[TimeControl "180+2"]
[Date "2023.02.21"]
[WhiteClock "0:01:47"]
[BlackClock "0:01:27"]

1. e4 g6 2. d4 Bg7 3. Nc3 d5 4. exd5 Nf6 5. Bc4 Nbd7 6. Bb3 O-O 7. Qf3 Nb6 8. Nge2 Bg4 9. Qg3 Bxe2 10. Nxe2 Nfxd5 11. c4 Nb4 12. O-O Qd7 13. Rd1 Nc6 14. d5 Ne5 15. c5 Nc8 16. Bf4 Qg4 17. Bxe5 Qxe2 18. Bxg7 Kxg7 19. Qxc7 Qxb2 20. Qxb7 Rb8 21. Qxb8 1-0


[Site "https://www.chess.com"]

[Event "Titled Tuesday Blitz February 21 Early 2023"]
[White "Derjabin, Ilja"]
[Black "Shtompel, Yuriy"]
[WhiteFideId "14104768"]
[BlackFideId "14168278"]
[WhiteElo "2333"]
[BlackElo "1938"]
[Result "1-0"]
[Round "06"]
[TimeControl "180+2"]
[Date "2023.02.21"]
[WhiteClock "0:00:09"]
[BlackClock "0:00:10"]

1. d4 Nf6 2. c4 e6 3. Nc3 d5 4. cxd5 exd5 5. Bg5 Be7 6. e3 c6 7. Bd3 O-O 8. Nge2 Re8 9. Qc2 Ne4 10. Bxe7 Qxe7 11. O-O Bf5 12. Rae1 Bg6 13. Nxe4 Bxe4 14. Bxe4 Qxe4 15. Qb3 Qe7 16. Nf4 Na6 17. a3 Rab8 18. Rc1 Nc7 19. Qa4 a6 20. Nd3 Ne6 21. b4 f5 22. Ne5 f4 23. Qb3 Qg5 24. g3 fxe3 25. Qxe3 Qxe3 26. fxe3 Rf8 27. h4 Rxf1+ 28. Rxf1 Rf8 29. Rxf8+ Kxf8 30. Nd7+ Ke7 31. Nc5 Nxc5 32. bxc5 h5 33. Kf2 Ke6 34. Ke2 g6 35. Kf2 Kf6 36. Ke2 Ke6 37. Kf3 Kf5 38. g4+ hxg4+ 39. Kg3 Ke4 40. Kxg4 Kxe3 41. Kg5 Kxd4 42. Kxg6 Ke3 43. h5 d4 44. h6 d3 45. h7 d2 46. h8=Q d1=Q 47. Qe8+ Kf4 48. Qf7+ Kg3 49. Qxb7 Qc2+ 50. Kf6 Qxc5 51. Qxa6 Qc3+ 52. Ke6 Qc5 53. Kd7 Kf3 54. Qxc6+ Qxc6+ 55. Kxc6 Kf4 56. a4 Ke5 57. a5 Ke6 58. a6 Ke7 59. a7 Kd8 60. a8=Q+ Ke7 61. Qc8 Kf7 62. Qd8 Ke6 63. Qe8+ Kf6 64. Kd5 Kg7 65. Qe6 Kf8 66. Qd7 Kg8 67. Ke6 Kf8 68. Kf6 Kg8 69. Qg7# 1-0


[Site "https://www.chess.com"]